 Dungeon Crawl Stone Soup version 0.30-a0-561-g1b0378597e (webtiles) character file.

Game seed: 6604533659568029652

11 M4edhros the Cudgeller (level 2, -3/21 HPs)
             Began as an Octopode Chaos Knight on Dec 28, 2022.
             Was a Plaything of Xom.
             Slain by a quokka (5 damage)
             ... on level 2 of the Dungeon.
             The game lasted 00:00:29 (1943 turns).

M4edhros the Cudgeller (Octopode Chaos Knight)      Turns: 1943, Time: 00:00:29

Health: -3/21      AC:  1    Str: 11    XL:     2   Next: 25%
Magic:  2/2        EV: 13    Int: 14    God:    Xom [......]
Gold:   58         SH:  0    Dex: 11    Spells: 1/1 levels left

rFire   . . .      SeeInvis .    a - +0 mace (chaos)
rCold   . . .      Faith    .    (no shield)
rNeg    . . .      Spirit   .    (helmet restricted)
rPois   .          Reflect  .    (no amulet)
rElec   .          Harm     .    (no ring)
rCorr   .          Rampage  .    (no ring)
Will    .....                    (no ring)
Stlth   ++                       (no ring)
HPRegen 0.23/turn                (no ring)
MPRegen 0.08/turn                (no ring)
                                 (no ring)
                                 (no ring)

@: lethally poisoned (-3 -> -8)
A: almost no armour, amphibious, 8 rings, camouflage 1, gelatinous body 1,
(nimble swimmer 1), tentacles
a: Renounce Religion


You were on level 2 of the Dungeon.
You worshipped Xom.
You were a very special plaything of Xom.
You visited 1 branch of the dungeon, and saw 2 of its levels.

You collected 58 gold pieces.

Inventory:

Hand Weapons
 a - a +0 mace of chaos (weapon)
Missiles
 d - 2 atropa-tipped darts
Jewellery
 h - a +4 ring of protection
Scrolls
 f - a scroll of fog {unknown}
 g - 3 scrolls of fear {unknown}
 i - a scroll of identify {unknown}
Potions
 c - a potion of might {unknown}
 j - a potion of attraction {unknown}
Miscellaneous
 b - a piece from Xom's chessboard (15/15) (quivered)


   Skills:
 + Level 3.1 Fighting
 * Level 3.3 Maces & Flails
 + Level 2.5 Dodging


You had one spell level left.
You didn't know any spells.
Your spell library was empty.

Dungeon Overview and Level Annotations

Branches:
Dungeon (2/15)

Altars:


Innate Abilities, Weirdness & Mutations

You cannot wear most types of armour.
You are amphibious.
You can wear up to eight rings at the same time.
Your skin changes colour to match your surroundings (Stealth+).
Your rubbery body absorbs attacks. (AC +1, EV +1)
((You are camouflaged when in or above water. (Stealth+)))
You have tentacles for arms and can constrict up to eight enemies at once.


Message History

A worm comes into view.
The worm moves out of view.
You now have 58 gold pieces (gained 11).
You thump the worm!
The worm seems to speed up.
Xom is interested.
You grab the worm. You squeeze the worm!
You kill the worm!
A jackal comes into view.
A jackal comes into view.
Found a chain mail.
The jackal barks!
An adder comes into view.
A quokka comes into view.
The jackal barks!
It was a potion of curing.
You feel better.
Xom is mildly amused.
The adder hisses angrily.
The jackal misses you. The jackal completely misses you.
You closely miss the jackal. Your grab misses the jackal.
Your squeeze misses the jackal.
The jackal bites you but does no damage.
The jackal bites you.
You miss the adder. You grab the adder. You constrict the adder.
The jackal bites you. x2; The adder completely misses you.
The jackal closely misses you. The jackal barely misses you.
The adder bites you.
You hit the adder. You burn the adder. Your squeeze misses the adder.
The adder is severely wounded.
You constrict the adder. The jackal closely misses you. The jackal bites you.
The quokka barely misses you. The adder bites you.
You are poisoned.
The adder poisons you! The jackal barely misses you. The jackal bites you.
You hit the adder.
You kill the adder!
You feel sick. The quokka bites you.
* * * LOW HITPOINT WARNING * * *
The jackal barely misses you. The jackal bites you.
* * * LOW HITPOINT WARNING * * *
The quokka bites you.
You die...

#..# #..# ####..####
#........## ..
#.##......#### ....
#.##.........#
.....##.†........<#
.......h.##.....#.#
##.#...h@...........
#......r...........#
............#.#.###...
..............#.# ....
..............#..
.#...
..............####
#... .........[##....
.........# .#..


You could see a quokka and 2 jackals.

Vanquished Creatures
  An adder (D:2)
  A worm (D:2)
  A dart slug (D:1)
  A goblin (D:1)
  2 hobgoblins (D:1)
  A bat (D:1)
7 creatures vanquished.

Notes
Turn   | Place    | Note
-------+----------+-------------------------------------------
     0 | D:1      | M4edhros the Octopode Chaos Knight began the quest for the
                  | Orb.
     0 | D:1      | Reached XP level 1. HP: 16/16 MP: 1/1
   556 | D:1      | XOM: silly message
   792 | D:1      | XOM: divination: magic mapping
  1374 | D:1      | XOM: 1-stop teleportation journey
  1534 | D:1      | XOM: torment (9/16 hp)
  1819 | D:1      | Reached XP level 2. HP: 21/21 MP: 2/2
  1943 | D:2      | Slain by a quokka

Illustrated notes

Levels and vault maps discovered:
D:1:      sevenhm_arrival_forest_fort_large_3, layout_loops_corners
D:2:      layout_basic, basic_altar, hangedman_decor_lopped,
          uniq_crazy_yiuf_cottage, uniq_sigmund, uniq_terence

Action                   || total
-------------------------++-------
Melee: Mace              ||    13
       Constrict         ||     3
       Tentacles         ||     1
  Use: Potion            ||     1
 Stab: Sleeping          ||     1
Armor: Skin              ||     1
Dodge: Dodged            ||    13

Table legend: (Time is in decaauts)
 A = Elapsed time spent in this place.
 B = Non-inter-level travel time spent in this place.
 C = Inter-level travel time spent in this place.
 D = Time resting spent in this place.
 E = Time spent auto-exploring this place.
 F = Levels seen in this place.
 G = Mean time per level.
                   A        B        C        D        E       F      G
               +--------+--------+--------+--------+--------+-----+--------+
         Total |   1945 |   1926 |     19 |   1371 |    490 |   2 |  972.5 |
       Dungeon |   1945 |   1926 |     19 |   1371 |    490 |   2 |  972.5 |
               +--------+--------+--------+--------+--------+-----+--------+

Top non-repeatable levels by time:
     D:1: 1926 daAuts
     D:2: 18 daAuts
